 Dungeon Crawl Stone Soup version 0.19-a0-805-g0a78ef0 (webtiles) character file.

396 4thArraOfDagon the Sneak (level 6, 0/36 HPs)
             Began as an Octopode Enchanter on June 27, 2016.
             Was an Initiate of Hepliaklqana.
             Slain by a centaur (8 damage)
             ... on level 6 of the Dungeon.
             The game lasted 00:05:30 (1116 turns).

4thArraOfDagon the Sneak (Octopode Enchanter)       Turns: 1116, Time: 00:05:31

Health: 0/36       AC:  1    Str: 13    XL:     6   Next: 83%
Magic:  2/9        EV: 13    Int: 17    God:    Hepliaklqana [......]
Gold:   103        SH:  0    Dex: 20    Spells: 2 memorised, 6 levels left

rFire  . . .     SeeInvis .     p - +5 long sword of Nifokup {freeze, Str+6 Dex+5}
rCold  + . .     Gourm    .     (no shield)
rNeg   . . .     Faith    .     (helmet restricted)
rPois  .         Spirit   .     (no amulet)
rElec  .         Dismiss  .     s - ring of protection from cold
rCorr  .         Reflect  .     (no ring)
SustAt .         Harm     .     (no ring)
MR     .....                    (no ring)
Stlth  +++++.....               (no ring)
                                (no ring)
                                (no ring)
                                (no ring)

@: very slightly contaminated, not resistant to hostile enchantments, quite
stealthy
A: almost no armour, amphibious, 8 rings, constrict 8, camouflage 1, gelatinous
body 1
a: Recall Ancestor, Ancestor Identity, Renounce Religion


You were on level 6 of the Dungeon.
You worshipped Hepliaklqana.
Hepliaklqana was noncommittal.
You were hungry.

You visited 1 branch of the dungeon, and saw 6 of its levels.

You collected 103 gold pieces.

Inventory:

Hand Weapons
 a - a +1 dagger
 f - a +0 blowgun
 p - the +5 long sword of Nifokup (weapon) {freeze, Str+6 Dex+5}
   (You found it on level 5 of the Dungeon)

   It has been specially enchanted to freeze those struck by it, causing extra
   injury to most foes and up to half again as much damage against particularly
   susceptible opponents.
   It can also slow down cold-blooded creatures.
   It affects your strength (+6).
   It affects your dexterity (+5).
 r - the +7 short sword "Safru" {pain, rN++ MP-9 Dex+4}
   (You found it on level 5 of the Dungeon)

   In the hands of one skilled in necromantic magic, it inflicts extra damage on
   living creatures.
   It affects your dexterity (+4).
   It greatly protects you from negative energy.
   It affects your magic capacity (-9).
Missiles
 g - 13 poisoned needles
Armour
 j - a +2 shield
Jewellery
 s - a ring of protection from cold (left tentacle)
Scrolls
 d - a scroll of remove curse {unknown}
 e - a scroll of identify
 k - a scroll of blinking {unknown}
 m - a scroll of random uselessness {unknown}
 n - 2 scrolls of magic mapping {unknown}
Potions
 h - a potion of heal wounds
 i - a potion of brilliance
 l - a potion of flight
 o - a potion of cancellation
Books
 b - a book of Maledictions

   Spells                             Type                      Level
   a - Corona                         Hexes                        1
   b - Ensorcelled Hibernation        Hexes/Ice                    2
   c - Confuse                        Hexes                        3
   d - Tukima's Dance                 Hexes                        3
   e - Dazzling Spray                 Conjuration/Hexes            3
Comestibles
 c - 2 bread rations
 q - a meat ration


   Skills:
 - Level 2.5(3.7) Short Blades
 * Level 4.1(4.5) Long Blades
 - Level 2.0 Dodging
 + Level 6.1 Stealth
 - Level 2.0 Spellcasting
 - Level 3.0 Hexes
 - Level 2.8 Ice Magic


You had 6 spell levels left.
You knew the following spells:

 Your Spells              Type           Power        Failure   Level  Hunger
a - Corona                Hex            ##.....      6%          1    #......
b - Ensorcelled Hibernat  Hex/Ice        ##....       12%         2    ###....


Dungeon Overview and Level Annotations

Branches:
Dungeon (6/15)
 Temple: D:4-7

Altars:
Hepliaklqana
Vehumet
Zin
The Shining One

Shops:
D:5 [

Annotations:
D:5 Prince Ribbit


Innate Abilities, Weirdness & Mutations

You cannot wear most types of armour.
You are amphibious.
You can wear up to eight rings at the same time.
You can use your tentacles to constrict eight enemies at once.
Your skin changes colour to match your surroundings (Stealth+).
Your rubbery body absorbs attacks. (AC +1)


Message History

Unknown command.
Cast which spell? (? or * to list)
Aiming: Ensorcelled Hibernation
Press: ? - help, Shift-Dir - straight line, f/p - centaur
Aim: a centaur (chance to defeat MR: 42%)
You miscast Ensorcelled Hibernation.
You are very lightly contaminated with residual magic.
Your tentacles feel numb with cold.
The centaur hits you.
* * * LOW HITPOINT WARNING * * *
Unknown command.
Unknown command.
Casting: Ensorcelled Hibernation
Confirm with . or Enter, or press ? or * to list all spells.
Aiming: Ensorcelled Hibernation
Press: ? - help, Shift-Dir - straight line, f/p - centaur
Aim: a centaur (chance to defeat MR: 42%)
The centaur resists with some effort.
The centaur hits you.
* * * LOW HITPOINT WARNING * * *
The centaur hits you!
You die...

.# .## # ..# . ..###
#.# .# ....##.# .#
......## [.# #.).##.#
###.....# #c@R..###
.......#(#.##
.....###†#..## ....
..#.##.)# ...
#.#.###.## ..
#.#..##..### ..
#.##..##...##### ...
#..##.##.......#
.....###.##....#######


You could see the friendly Marduk-asir the ancestor and a centaur.

Vanquished Creatures
  An eye of draining (D:6)
  2 jellies
  A howler monkey (D:6)
  A hound (D:5)
  3 worker ants
  A hound zombie (D:6)
  A gnoll (D:5)
  2 adders
  2 giant geckos
  8 orcs
  A bat (D:3)
  7 hobgoblins
  A giant newt (D:6)
  11 goblins
  7 kobolds
  A rat (D:1)
50 creatures vanquished.

Notes
Turn   | Place    | Note
--------------------------------------------------------------
     0 | D:1      | 4thArraOfDagon the Octopode Enchanter began the quest for the Orb.
     0 | D:1      | Reached XP level 1. HP: 11/11 MP: 3/3
   194 | D:3      | Reached XP level 2. HP: 13/17 MP: 5/5
   220 | D:3      | Learned a level 2 spell: Ensorcelled Hibernation
   299 | D:3      | Reached XP level 3. HP: 15/21 MP: 3/6
   362 | D:5      | Entered Level 5 of the Dungeon
   407 | D:5      | Reached XP level 4. HP: 27/27 MP: 0/7
   428 | D:5      | Noticed Prince Ribbit
   479 | D:5      | Found a radiant altar of Vehumet.
   656 | D:5      | Got a crude long sword
   657 | D:5      | Identified the +5 long sword of Nifokup {freeze, Str+6 Dex+5} (You found it on level 5 of the Dungeon)
   811 | D:5      | Found a glowing golden altar of the Shining One.
   815 | D:5      | Found a hazy altar of Hepliaklqana.
   817 | D:5      | Found a glowing silver altar of Zin.
   818 | D:5      | Reached skill level 1 in Long Blades
   818 | D:5      | Reached XP level 5. HP: 25/31 MP: 8/8
   834 | D:5      | Became a worshipper of Hepliaklqana
   850 | D:5      | Found Hiekk's Antique Armour Emporium.
   918 | D:5      | Reached skill level 5 in Stealth
  1007 | D:5      | Got a crystal short sword
  1008 | D:5      | Identified the +7 short sword "Safru" {pain, rN++ MP-9 Dex+4} (You found it on level 5 of the Dungeon)
  1083 | D:6      | Noticed an eye of draining
  1090 | D:6      | Killed an eye of draining
  1090 | D:6      | Reached XP level 6. HP: 35/36 MP: 3/9
  1101 | D:6      | Reached skill level 6 in Stealth
  1116 | D:6      | Slain by a centaur

Vault maps used:
D:1:      minmay_arrival_semitransparent, serial_forest,
          infiniplex_forest_3_way, infiniplex_forest_zigzag_2,
          infiniplex_forest_lined_room_3, infiniplex_forest_lined_3_way,
          infiniplex_forest_clump_tiny, infiniplex_forest_corner_2,
          infiniplex_forest_lined_2, infiniplex_forest_clump_double
D:2:      first_bread
D:4:      lemuel_zombie_altar_kikubaaqudgha, corexii_leaking_fountain
D:5:      corexii_shantytown, minitemple, basic_altar, serial_shops,
          kennysheep_mini_moat, uniq_prince_ribbit1
D:6:      nicolae_overflow_hidden_temple, lemuel_tele_altar

Skill      XL: |  1  2  3  4  5  6 |
---------------+-------------------+-----
Short Blades   | 2 |  2.5
Ice Magic      | 2 |  2.8
Long Blades    | 1 3 4 |  4.1
Stealth        | 5 6 |  6.1
Dodging        | |  2.0
Spellcasting   | |  2.0
Hexes          | |  3.0

Action                   |  1- 3 |  4- 6 || total
-------------------------+-------+-------++-------
Melee: Dagger            |    29 |    36 ||    65
       Constrict         |     5 |    11 ||    16
       Tentacles         |     2 |    12 ||    14
       Long sword        |       |    27 ||    27
 Cast: Ensorcelled Hiber |     5 |     5 ||    10
  Use: Scroll            |       |     4 ||     4
 Stab: Sleeping          |     5 |    14 ||    19
       Distracted        |       |     1 ||     1
  Eat: Chunk             |       |     1 ||     1
Armor: Skin              |     4 |     2 ||     6
Dodge: Dodged            |    24 |    24 ||    48
